Map: Proxima Station LE

Players

Ziggy

  • Race: Terran Terran
  • Spawn Location: 1:00

TIME (Oliveira) - Winner!

  • Race: Terran Terran
  • Spawn Location: 7:00

Event: WCS Jonkoping 2017

VOD

Have the link to the VOD?

Description

Time

  • Played on: June 17, 2017, 2:31 p.m.
  • Length: 9:20

All games in this series

Show
View Real Time Build Order
Export as new Build Order

Ziggy Terran 

Build Orders: Cyclone Opening, Mech 

Get SALT Encoding   

  12  0:00  SCV  
  13  0:13  SCV  
  14  0:18  Supply Depot  
  14  0:25  SCV  
  15  0:31  Refinery  
  15  0:39  SCV  
  16  0:45  Barracks  
  16  0:51  SCV  
  17  1:01  Refinery  
  17  1:03  SCV  
  18  1:15  SCV  
  19  1:33  Orbital Command, Reaper  
  19  1:39  Factory  
  20  1:55  Supply Depot  
  20  1:59  SCV  
  21  2:05  Reaper  
  22  2:11  SCV  
  23  2:23  SCV  
  23  2:24  Cyclone  
  27  2:31  Starport  
  27  2:37  SCV  
  27  2:42  Barracks Reactor  
  28  2:54  SCV  
  28  2:55  Supply Depot  
  29  3:10  Viking  
  29  3:11  Supply Depot  
  31  3:23  SCV  
  31  3:26  Cyclone x2  
  38  3:36  SCV  
  38  3:38  Supply Depot  
  39  3:58  Cyclone  
  39  3:59  SCV  
  39  4:00  Cyclone  
  46  4:06  Command Center  
  43  4:32  SCV  
  43  4:36  Hellion x2  
  45  4:38  Starport Tech Lab  
  45  4:44  SCV  
  41  4:56  SCV  
  41  4:59  Raven  
  44  5:01  Hellion x2  
  48  5:08  SCV  
  49  5:18  Command Center  
  49  5:20  SCV  
  50  5:25  Refinery  
  50  5:27  Refinery  
  50  5:32  SCV  
  51  5:37  Orbital Command  
  51  5:44  SCV  
  51  5:47  Siege Tank  
  55  5:56  SCV  
  56  5:58  Viking  
  56  6:02  Viking  
  60  6:05  SCV  
  60  6:09  SCV  
  62  6:17  SCV  
  63  6:19  Siege Tank  
  63  6:21  SCV  
  67  6:28  Viking  
  67  6:30  SCV  
  67  6:32  Viking  
  72  6:34  Orbital Command  
  72  6:36  SCV  
  73  6:43  SCV  
  73  6:44  Factory  
  74  6:50  SCV, Factory  
  75  6:59  Viking  
  75  7:01  Engineering Bay  
  77  7:02  SCV x2  
  77  7:08  Viking  
  81  7:10  SCV  
  81  7:13  Orbital Command, Supply Depot  
  81  7:14  SCV  
  83  7:27  SCV x2  
  85  7:35  Siege Tank, Cyclone  
  91  7:41  Supply Depot  
  91  7:42  Supply Depot  
  91  7:49  SCV x2  
  93  8:00  SCV, Cyclone  
  87  8:07  Siege Tank  
  87  8:10  SCV  
  87  8:11  SCV  
  75  8:13  Orbital Command  
  75  8:15  Cyclone  
  75  8:17  Viking x2  
  78  8:23  SCV x2  
  79  8:39  Siege Tank  
  82  8:43  SCV x3  
  82  8:48  Engineering Bay, Viking  
  87  8:49  Hellion  
  87  8:51  Hellion  
  87  8:55  SCV x2  
  93  8:59  Missile Turret  
  93  9:01  Missile Turret  
  93  9:02  Missile Turret  
  93  9:03  Missile Turret  
  93  9:04  SCV  
  93  9:07  SCV, Missile Turret  
Show
View Real Time Build Order
Export as new Build Order

TIME Terran - Winner!

Build Orders: Reaper Expand, MMM Bio 

Get SALT Encoding   

  12  0:00  SCV  
  13  0:12  SCV  
  14  0:18  Supply Depot  
  14  0:25  SCV  
  15  0:28  Refinery  
  15  0:39  SCV  
  16  0:44  Barracks  
  16  0:51  SCV  
  17  1:03  SCV  
  18  1:16  SCV  
  19  1:31  Orbital Command  
  19  1:32  Reaper  
  20  1:42  Command Center  
  20  1:55  Factory  
  20  1:59  SCV  
  21  2:05  Refinery  
  21  2:08  Barracks Reactor  
  21  2:11  SCV  
  22  2:17  Supply Depot  
  22  2:23  SCV  
  23  2:39  SCV, Starport  
  23  2:41  Hellion  
  26  2:45  Marine  
  26  2:47  Marine  
  26  2:51  SCV  
  29  2:57  Orbital Command  
  29  3:02  Marine  
  29  3:03  SCV  
  31  3:07  Widow Mine  
  31  3:09  Marine  
  34  3:15  Medivac  
  36  3:20  Marine  
  36  3:21  SCV  
  36  3:26  SCV  
  39  3:27  Supply Depot  
  39  3:30  Marine  
  39  3:33  SCV  
  39  3:38  Marine, Cyclone  
  43  3:47  Marine  
  44  3:49  Viking  
  44  3:52  Engineering Bay  
  44  3:53  SCV  
  47  4:00  Supply Depot  
  47  4:02  Marine, SCV  
  48  4:05  SCV  
  48  4:09  Marine  
  51  4:14  SCV  
  52  4:21  Cyclone  
  52  4:23  Marine  
  56  4:29  SCV  
  56  4:30  Marine  
  55  4:36  SCV  
  50  4:43  SCV  
  46  4:49  Missile Turret, Viking  
  46  4:52  Barracks Reactor  
  48  4:53  SCV  
  48  4:58  Factory Tech Lab  
  48  4:59  Barracks x2  
  49  5:03  SCV  
  49  5:06  SCV  
  51  5:12  Terran Infantry Weapons Level 1  
  51  5:13  Refinery x2  
  51  5:15  SCV  
  51  5:16  Siege Tank  
  51  5:18  SCV  
  51  5:21  Starport Reactor  
  56  5:27  SCV  
  56  5:28  Supply Depot  
  57  5:31  SCV  
  58  5:39  SCV  
  58  5:40  Barracks Tech Lab  
  59  5:43  SCV, Supply Depot  
  59  5:47  Barracks Tech Lab  
  63  5:50  Siege Tank  
  63  5:51  SCV  
  63  5:52  Supply Depot  
  63  5:55  SCV  
  65  5:59  Stimpack, Marine  
  65  6:03  Marine x2, SCV  
  69  6:07  Marine, SCV  
  69  6:08  Combat Shields  
  71  6:15  SCV, Barracks, Supply Depot  
  71  6:16  Marine  
  73  6:19  Barracks  
  73  6:21  Medivac x2  
  73  6:22  Marine x2  
  79  6:25  SCV  
  79  6:27  Marine, SCV  
  79  6:32  Siege Tank  
  85  6:38  Marine, Supply Depot  
  86  6:49  Marine x2  
  86  6:50  Marine  
  86  6:53  Command Center  
  89  6:55  SCV  
  89  6:57  Marine  
  89  7:01  SCV  
  87  7:05  Barracks Reactor x2  
  87  7:07  Marine  
  87  7:08  SCV  
  84  7:11  Marine  
  84  7:13  SCV  
  84  7:14  Terran Infantry Armor Level 1  
  86  7:20  SCV  
  86  7:21  Siege Tank  
  90  7:25  SCV  
  90  7:28  Marine x2  
  90  7:29  Supply Depot  
  93  7:31  Marine  
  93  7:33  SCV, Marine  
  93  7:35  Medivac  
  98  7:45  Marine x2  
  98  7:46  Marine x2  
  102  7:52  Marine, Supply Depot x2  
  102  7:56  Marine  
  102  7:57  Marine  
  102  7:58  Marine  
  103  8:03  Marine  
  103  8:04  Marine  
  97  8:06  Marine  
  97  8:07  Marine  
  97  8:09  Marine  
  97  8:12  Medivac x2  
  88  8:14  Marine  
  88  8:15  Marine  
  88  8:17  SCV, Marine  
  88  8:19  SCV  
  93  8:21  Marine  
  93  8:22  Marine  
  96  8:27  Orbital Command  
  96  8:28  Marine  
  96  8:29  Marine  
  96  8:35  Armory  
  96  8:37  Engineering Bay  
  96  8:38  Marine  
  96  8:39  Marine  
  96  8:41  SCV  
  96  8:44  Medivac  
  96  8:45  SCV  
  100  8:49  Marine x2  
  100  8:52  Marauder  
  100  8:53  Marine  
  100  8:54  Marine  
  100  8:55  Marine  
  106  8:57  SCV  
  106  8:58  SCV  
  106  9:00  SCV, Marine  
Tags
 
Add a new tag
Caveats
  • Supply blocks, unpowered buildings, or Contaminate may cause inaccurate times.
  • Supply counts are checked every 10 seconds.